 Dungeon Crawl Stone Soup version 0.21.1-1-g345015f (webtiles) character file.

54 tidbits the Insei (level 3, 6/28 HPs)
             Began as a Gnoll Transmuter on Feb 15, 2018.
             Quit the game on level 3 of the Dungeon.
             The game lasted 00:05:07 (613 turns).

tidbits the Insei (Gnoll Transmuter)                 Turns: 613, Time: 00:05:08

Health: 6/28       AC:  2    Str: 12    XL:     3   Next: 91%
Magic:  6/9        EV: 23    Int: 16    God:
Gold:   111        SH:  0    Dex: 20    Spells: 6/12 levels left

rFire    . . .     SeeInvis .     - Unarmed
rCold    . . .     Gourm    .   (shield currently unavailable)
rNeg     . . .     Faith    .   (armour currently unavailable)
rPois    .         Spirit   .   (helmet currently unavailable)
rElec    .         Reflect  .   (cloak currently unavailable)
rCorr    .         Harm     .   (gloves currently unavailable)
MR       .....                  (boots currently unavailable)
Stlth    ++........             (no amulet)
HPRegen  0.09/turn              P - ring of poison resistance
MPRegen  0.11/turn              (no ring)

@: spider-form (expiring)
A: tiny, distributed training, strong nose
a: End Transformation


You were on level 3 of the Dungeon.
You were not hungry.
You were a venomous arachnid creature.
You visited 1 branch of the dungeon, and saw 3 of its levels.

You collected 111 gold pieces.

Inventory:

Hand Weapons
 i - a +0 dagger
Missiles
 a - 18 arrows
Armour
 b - a +0 robe (melded)
Jewellery
 P - a ring of poison resistance (left front leg)
   (You found it on level 3 of the Dungeon)
Scrolls
 r - 4 scrolls of remove curse
Books
 c - a book of Changes

   Spells                             Type                      Level
   a - Beastly Appendage              Transmutation                1
   b - Sticks to Snakes               Transmutation                2
   c - Spider Form                    Transmutation/Poison         3
   d - Ice Form                       Ice/Transmutation            4
   e - Blade Hands                    Transmutation                5
Comestibles
 d - 3 rations


   Skills:
 + Level 2.6 Fighting
 + Level 1.0 Short Blades
 + Level 1.0 Long Blades
 + Level 1.0 Axes
 + Level 1.0 Maces & Flails
 + Level 1.0 Polearms
 + Level 1.0 Staves
 + Level 1.0 Slings
 + Level 1.0 Bows
 + Level 1.0 Crossbows
 + Level 1.0 Throwing
 + Level 1.0 Armour
 + Level 4.6 Dodging
 + Level 1.0 Stealth
 + Level 1.0 Shields
 + Level 6.5 Unarmed Combat
 + Level 5.0 Spellcasting
 + Level 0.7 Conjurations
 + Level 0.7 Hexes
 + Level 0.7 Charms
 + Level 0.7 Summonings
 + Level 0.7 Necromancy
 + Level 0.7 Translocations
 + Level 3.8 Transmutations
 + Level 0.7 Fire Magic
 + Level 0.7 Ice Magic
 + Level 0.7 Air Magic
 + Level 0.7 Earth Magic
 + Level 0.7 Poison Magic
 + Level 1.0 Invocations
 + Level 1.0 Evocations


You had 6 spell levels left.
You knew the following spells:

 Your Spells              Type           Power        Failure   Level  Hunger
e - Beastly Appendage     Tmut           ###...       11%         1    None
k - Sticks to Snakes      Tmut           ###.....     14%         2    #......
p - Spider Form           Tmut/Pois      ##........   38%         3    ###....


Dungeon Overview and Level Annotations

Branches:
Dungeon (3/15)

Altars:
Fedhas
Gozag
Hepliaklqana
Nemelex Xobeh
Okawaru
Zin

Annotations:
D:3 cada's ghost, amateur DsGl


Innate Abilities, Weirdness & Mutations

Your experience applies equally to all skills.
((You have very sharp teeth.))
Your uncanny sense of smell can sniff out nearby items.


Message History

You see here a bat corpse.
You see here 21 stones.
You open the door.
An adder comes into view.
Found an opulent altar of Gozag.
Casting: Spider Form
Confirm with . or Enter, or press ? or * to list all spells.
You turn into a venomous arachnid creature.
Your +0 robe melds into your body.
The adder hisses angrily.
Found a sparkling altar of Nemelex Xobeh.
There is an open door here.
You closely miss the adder. The adder barely misses you.
You bite the adder!
The adder is poisoned.
The adder is severely wounded.
The adder misses you.
You bite the adder!
You kill the adder!
Your Short Blades skill increases to level 1!
Your Long Blades skill increases to level 1!
Your Axes skill increases to level 1!
Your Maces & Flails skill increases to level 1!
Your Polearms skill increases to level 1!
Your Staves skill increases to level 1!
Your Slings skill increases to level 1!
Your Bows skill increases to level 1!
Your Crossbows skill increases to level 1!
Your Throwing skill increases to level 1!
Your Armour skill increases to level 1!
Your Stealth skill increases to level 1!
Your Shields skill increases to level 1!
Your Evocations skill increases to level 1!
Your transformation is almost over.
Your transformation has ended.
Your +0 robe unmelds from your body.
You found a teleport trap!
Really walk into that teleport trap?
Okay, then.
Really walk into that teleport trap?
You enter a teleport trap!
The teleport trap disappears.
Your surroundings suddenly seem different.
Items here: ) ÷÷÷ a club; a goblin skeleton x2; a hobgoblin skeleton A bat, a worm, a giant cockroach and a player ghost come into view.
Cada's ghost turns its malevolent gaze towards you.
Unknown command.
Press: ? - help, v - describe, . - travel
Here: cada's ghost The floor.
You aren't carrying any potions.
Unknown command.
As you read the scroll labeled OSATAPT APLIS, it crumbles to dust.
You feel blessed for a moment.
It was a scroll of remove curse.
Adjust (i)tems, (s)pells, or (a)bilities?
Adjust which item? (? for menu, Esc to quit)
f - 4 scrolls of remove curse Adjust to which letter? (? for menu, Esc to quit)
r - 4 scrolls of remove curse
As you read the scroll labeled ZUVOPP UNEO, it crumbles to dust.
The scroll dissolves into smoke.
It was a scroll of fog.
As you read the scroll labeled WID KOUSHRUXTEN, it crumbles to dust.
You assume a fearsome visage.
The giant cockroach looks frightened!
It was a scroll of fear.
As you read the scroll labeled XOESCH YRIOPEIPINO, it crumbles to dust.
It is a scroll of identify.
i - a +0 dagger
Casting: Spider Form
Confirm with . or Enter, or press ? or * to list all spells.
You create a snake!
You now have 18 arrows.
Casting: Sticks to Snakes
Confirm with . or Enter, or press ? or * to list all spells.
You turn into a venomous arachnid creature.
Your +0 robe melds into your body.
You aren't carrying any potions.
Unknown command.
You hit cada's ghost but do no damage.
Your ball python bites cada's ghost but does no damage.
Cada's ghost closely misses you.
You hit cada's ghost but do no damage.
Your ball python barely misses cada's ghost.
Cada's ghost hits you!
You hit cada's ghost.
Cada's ghost is lightly damaged.
Your ball python bites cada's ghost but does no damage.
Cada's ghost barely misses you.
You closely miss cada's ghost.
Cada's ghost is lightly damaged.
Your ball python barely misses cada's ghost.
Cada's ghost misses you.
A goblin comes into view.
You hit cada's ghost.
Cada's ghost is moderately damaged.
Your ball python barely misses cada's ghost.
The goblin hits your ball python.
Your ball python dies!
You miss cada's ghost.
Cada's ghost is moderately damaged.
Cada's ghost hits you!
* * * LOW HITPOINT WARNING * * *
Your transformation is almost over.
Are you sure you want to abandon this character and quit the game? (Confirm with "yes".)

'#######........#........#.#.
#........#......#.#.#.
#.......(#...)....#)#.
###.#########.##).#.#.
#..#####..#.##..#...
##g.......#.##..###.
####..####.##.#...#...
#....W# #.....#..##.##
#.###s###..####.....## #.#
#.........)÷..#...
####.####.#########).#...
####.....###.#.8.8.8.8..#...
#...........#.#..........#...
#.........#.#.#..........#...
#....####...#.#..........###.
#.... ..#.###.#..........# #.
###.###.#.# #.#..........# #.


You could see cada's ghost and a goblin.

Vanquished Creatures
  2 adders
  A worm (D:3)
  A leopard gecko (D:2)
  An orc (D:3)
  3 bats
  A giant cockroach (D:1)
  7 goblins (D:3)
  5 hobgoblins
  2 ball pythons (D:2)
  A frilled lizard (D:2)
  A kobold (D:3)
25 creatures vanquished.

Vanquished Creatures (collateral kills)
  A worm (D:3)
1 creature vanquished.

Grand Total: 26 creatures vanquished

Notes
Turn   | Place    | Note
-------+----------+-------------------------------------------
     0 | D:1      | tidbits the Gnoll Transmuter began the quest for the Orb.
     0 | D:1      | Reached XP level 1. HP: 17/17 MP: 6/6
    71 | D:2      | Found a glowing silver altar of Zin.
    74 | D:2      | Found a blossoming altar of Fedhas.
   133 | D:2      | Found an iron altar of Okawaru.
   152 | D:2      | Reached XP level 2. HP: 22/23 MP: 5/7
   156 | D:2      | Learned a level 2 spell: Sticks to Snakes
   251 | D:3      | Reached XP level 3. HP: 28/28 MP: 7/9
   256 | D:3      | Learned a level 3 spell: Spider Form
   270 | D:3      | Reached skill level 5 in Spellcasting
   339 | D:3      | Reached skill level 1 in Invocations
   440 | D:3      | Found a hazy altar of Hepliaklqana.
   519 | D:3      | Found an opulent altar of Gozag.
   521 | D:3      | Found a sparkling altar of Nemelex Xobeh.
   525 | D:3      | Reached skill level 1 in Short Blades
   525 | D:3      | Reached skill level 1 in Long Blades
   525 | D:3      | Reached skill level 1 in Axes
   525 | D:3      | Reached skill level 1 in Maces & Flails
   525 | D:3      | Reached skill level 1 in Polearms
   525 | D:3      | Reached skill level 1 in Staves
   525 | D:3      | Reached skill level 1 in Slings
   525 | D:3      | Reached skill level 1 in Bows
   525 | D:3      | Reached skill level 1 in Crossbows
   525 | D:3      | Reached skill level 1 in Throwing
   525 | D:3      | Reached skill level 1 in Armour
   525 | D:3      | Reached skill level 1 in Stealth
   525 | D:3      | Reached skill level 1 in Shields
   525 | D:3      | Reached skill level 1 in Evocations
   586 | D:3      | Noticed cada's ghost (amateur DsGl)
   613 | D:3      | Quit the game

Skill      XL: |  1  2  3 |
---------------+----------+-----
Spellcasting   | 5 |  5.0
Invocations    | 1 |  1.0
Short Blades   | 1 |  1.0
Long Blades    | 1 |  1.0
Axes           | 1 |  1.0
Maces & Flails | 1 |  1.0
Polearms       | 1 |  1.0
Staves         | 1 |  1.0
Slings         | 1 |  1.0
Bows           | 1 |  1.0
Crossbows      | 1 |  1.0
Throwing       | 1 |  1.0
Armour         | 1 |  1.0
Stealth        | 1 |  1.0
Shields        | 1 |  1.0
Evocations     | 1 |  1.0
Fighting       | |  2.6
Dodging        | |  4.6
Unarmed Combat | |  6.5
Conjurations   | |  0.7
Hexes          | |  0.7
Charms         | |  0.7
Summonings     | |  0.7
Necromancy     | |  0.7
Translocations | |  0.7
Transmutations | |  3.8
Fire Magic     | |  0.7
Ice Magic      | |  0.7
Air Magic      | |  0.7
Earth Magic    | |  0.7
Poison Magic   | |  0.7

Action                   || total
-------------------------++-------
Melee: Unarmed           ||    58
       Kick              ||     4
       Bite              ||     2
       Headbutt          ||     1
 Cast: Beastly Appendage ||     6
       Sticks to Snakes  ||     3
       Spider Form       ||     8
  Use: Scroll            ||     4
 Stab: Distracted        ||     1
       Sleeping          ||     1
Armor: Robe              ||     2
       Skin              ||     2
Dodge: Dodged            ||    40

Table legend:
 A = Turns spent in this place as a percentage of turns spent in the entire game.
 B = Non-inter-level travel turns spent in this place as a percentage of non-inter-level travel turns spent in the entire game.
 C = Inter-level travel turns spent in this place as a percentage of turns spent in this place.
 D = Turns resting spent in this place as a percentage of non-inter-level travel turns spent in this place.
 E = Turns spent auto-exploring this place as a percentage of non-inter-level travel turns spent in this place.
 F = Non-inter-level travel turns spent in this place divided by the number of levels of this place that you've seen.
                   A       B       C       D       E      F
               +-------+-------+-------+-------+-------+----------------------
         Total | 100.0 | 100.0 |   0.0 |   0.0 |   0.0 | 204.3
       Dungeon | 100.0 | 100.0 |   0.0 |   0.0 |   0.0 | 204.3
               +-------+-------+-------+-------+-------+----------------------

Table legend:
 A = Kills in this place as a percentage of kills in entire the game.
 B = Kills by you in this place as a percentage of kills by you in the entire game.
 C = Kills by friends in this place as a percentage of kills by friends in the entire game.
 D = Other kills in this place as a percentage of other kills in the entire game.
 E = Experience gained in this place as a percentage of experience gained in the entire game.
 F = Experience gained in this place divided by the number of levels of this place that you have seen.
                   A       B       C       D       E      F
               +-------+-------+-------+-------+-------+----------------------
         Total | 100.0 | 100.0 | 100.0 |   N/A | 100.0 |  26.0
       Dungeon | 100.0 | 100.0 | 100.0 |   N/A | 100.0 |  26.0
               +-------+-------+-------+-------+-------+----------------------

Vault maps used:
D:1:      dpeg_arrival_line_fractal, interstate_on_off, minmay_parallelograms,
          lemuel_another_geyser
D:2:      chequers_temple_overflow_statue_of_worship, lemuel_round_altar
D:3:      kennysheep_the_goblin_king, grunt_temple_overflow_opulence,
          nicolae_overflow_hidden_temple, hangedman_abyss_or_decor_stabs
